 Dungeon Crawl Stone Soup version 0.31-a0-180-g519b7de00c (webtiles) character file.

Game seed: 14645378956377460244

8259 qw the Blocker (level 11, -11/67 HPs)
             Began as a Gargoyle Fighter on June 19, 2023.
             Was a Priest of Okawaru.
             Mangled by a death yak (22 damage)
             ... on level 1 of the Lair of Beasts.
             The game lasted 00:05:53 (9017 turns).

qw the Blocker (Gargoyle Fighter)                   Turns: 9017, Time: 00:05:54

Health: -11/67     AC: 34    Str: 24    XL:     11   Next: 28%
Magic:  13/14      EV:  7    Int:  9    God:    Okawaru [***...]
Gold:   343        SH: 18    Dex:  9    Spells: 10/10 levels left

rFire   . . .        Y - +2 war axe (chaos)
rCold   . . .        n - +0 tower shield
rNeg    + . .        k - +0 plate armour
rPois   inf          g - +1 helmet
rElec   +            j - +0 cloak
rCorr   .            b - +2 pair of gloves
SInv    .            (no boots)
Will    .....        (no amulet) Stlth
                     c - +4 ring of protection
HPRegen 0.31/turn    (no ring)
MPRegen 0.14/turn

%: no passive effects
@: heroic
A: sickness immunity, AC +8, negative energy resistance 1, electricity
resistance, torment resistance 1, petrification resistance
a: Renounce Religion, Heroism


You were on level 1 of the Lair of Beasts.
You worshipped Okawaru.
Okawaru was most pleased with you.
You visited 3 branches of the dungeon, and saw 11 of its levels.

You collected 492 gold pieces.
You spent 149 gold pieces at shops.


Innate Abilities, Weirdness & Mutations

You are immune to sickness and miasma.
Your stone body is resilient. (AC +8)
You are immune to poison.
You resist negative energy. (rN+)
You are resistant to electric shocks. (rElec)
You are resistant to unholy torment.
You are immune to petrification.


   Skills:
 - Level 7.4(12.4) Fighting
 + Level 9.5(14.5) Axes
 - Level 2.0(7.0) Throwing
 - Level 6.0(11.0) Armour
 - Level 1.0(6.0) Dodging
 - Level 12.0(17.0) Shields
 - Level 4.0 Invocations


You had 10 spell levels left.
You didn't know any spells.
Your spell library was empty.

Inventory:

Hand Weapons
 l - a +0 war axe
 t - a +0 morningstar
 Y - a +2 war axe of chaos (weapon)
Missiles
 p - 2 javelins (quivered)
 q - 6 boomerangs
Armour
 b - a +2 pair of gloves (worn)
 g - a +1 helmet (worn)
 j - a +0 cloak (worn)
 k - a +0 plate armour (worn)
 n - a +0 tower shield (worn)
 u - a +0 chain mail of cold resistance
Jewellery
 c - a +4 ring of protection (left hand)
Scrolls
 o - 2 scrolls of identify
Potions
 a - a potion of enlightenment
 d - 4 potions of might
 f - 2 potions of lignification
 h - a potion of curing
 i - 2 potions of haste
 m - a potion of heal wounds
 s - a potion of attraction

Dungeon Overview and Level Annotations

Branches:
Dungeon (9/15)             Temple (1/1) D:4            Lair (1/5) D:9
    Orc: D:9-12

Altars:
Ashenzari
Elyvilon
Fedhas
Gozag
Hepliaklqana
Kikubaaqudgha
Makhleb
Nemelex Xobeh
Okawaru
Qazlal
Ru
Sif Muna
Trog
Uskayaw
Vehumet
Wu Jian
Xom
Yredelemnul
Zin
The Shining One

Shops:
D:9 [

Annotations:
D:3 3 runed translucent doors, qw's ghost, weakling GrFi


Message History

You kill the death yak!
Okawaru is honoured by your kill.
You barely miss the death yak. The death yak barely misses you.
You hit the death yak.
The death yak is severely wounded.
You feel like a meek peon again. The death yak barely misses you.
9008 ||| INVOKING Heroism.
You gain the combat prowess of a mighty hero.
You block the death yak's attack. x2
You slash the death yak!
The death yak is poisoned.
The death yak is severely wounded.
The death yak gores you.
You hit the death yak but do no damage.
The death yak is severely wounded.
You block the death yak's attack.
You slash the death yak! You freeze the death yak.
The death yak is almost dead.
You block the death yak's attack. x2
You barely miss the death yak.
The death yak is almost dead.
The death yak gores you but does no damage.
You slash the death yak! You burn the death yak.
The death yak is almost dead.
The death yak closely misses you.
You hit the death yak but do no damage.
The death yak is almost dead.
The death yak gores you!!
You hit the death yak.
The death yak resists with almost no effort.
The death yak is almost dead.
The death yak gores you! x2
9016 ||| DRINKING 2 potions of heal wounds.
You feel much better. You block the death yak's attack.
You hit the death yak but do no damage.
The death yak looks even sicker.
The death yak is almost dead.
The death yak gores you! The death yak gores you!!
You die...

### ##.### ## ##
.|..>#### ##.#.P#
........###....
###...#..#..###### .##
##.##..........##P....
##.#..........@Y....$.
###..#..#P...#..#.......
.(.....###...#..##P.$.#.
####...##.......# ##.(#
#.........#.## ...
#.######....# .. #..
#..#.# . .# #.# #.... ..
..# . ..


You could see a death yak (berserk, fast, very poisoned).

Vanquished Creatures
  2 death yaks (Lair:1)
  2 komodo dragons
  A kobold demonologist (D:7)
  A rime drake (Lair:1)
  Grinder (D:5)
  A troll (D:9)
  13 yaks
  A steam dragon (D:8)
  Menkaure (D:7)
  A water moccasin (Lair:1)
  Duvessa (D:7)
  An orc warrior (D:9)
  3 black bears
  A centaur (D:9)
  5 kobold brigands
  3 bullfrogs
  2 scorpions (D:5)
  14 wights
  Dowan (D:7)
  6 killer bees (D:7)
  2 howler monkeys
  A crimson imp (D:5)
  5 hounds
  6 orc priests
  3 jellies
  2 sleepcaps
  Natasha (D:3)
  7 iguanas
  7 orc wizards
  Robin (D:4)
  7 adders
  A shadow imp (D:7)
  2 white imps
  2 ufetubi (D:4)
  3 dart slugs
  32 orcs
  8 ball pythons
  10 endoplasms
  3 giant cockroaches
  15 goblins
  9 hobgoblins
  A jackal (D:4)
  30 kobolds
  8 quokkas
  2 bats (D:1)
  4 frilled lizards
  4 rats
237 creatures vanquished.

Vanquished Creatures (others)
  An orc wizard (D:6)
  An orc (D:8)
2 creatures vanquished.

Grand Total: 239 creatures vanquished

Notes
Turn   | Place    | Note
-------+----------+-------------------------------------------
     0 | D:1      | qw the Gargoyle Fighter began the quest for the Orb.
     0 | D:1      | Reached XP level 1. HP: 14/14 MP: 1/1
     0 | D:1      | 0 ||| qw: Version: 0.3-a-7-ge0c9b40
     0 | D:1      | 0 ||| qw: Game counter: 959
     0 | D:1      | 0 ||| qw: Always use a shield: true
     0 | D:1      | 0 ||| qw: God list: Okawaru
     0 | D:1      | 0 ||| qw: Allow faded altars: false
     0 | D:1      | 0 ||| qw: Do Orc after D:15 true
     0 | D:1      | 0 ||| qw: Do second Lair branch before Depths: true
     0 | D:1      | 0 ||| qw: Lair rune preference: random
     0 | D:1      | 0 ||| qw: Plans: Normal, Zot:1-4, Slime:5, God:TSO, Crypt,
                  | Tomb, Abyss, Pan, Hells, Win
     0 | D:1      | 0 ||| PLANNING D:1-11
    42 | D:1      | HP: 3/14 [endoplasm (2)]
    66 | D:1      | 66 ||| FLEEEEING.
    67 | D:1      | 67 ||| FLEEEEING.
   117 | D:1      | Reached XP level 2. HP: 19/19 MP: 2/2
   144 | D:1      | 144 ||| DROPPING +0 club.
   258 | D:1      | Found a faded altar of an unknown god.
   415 | D:1      | Reached skill level 3 in Axes
   567 | D:1      | 567 ||| READING scroll labelled RIHANL BEMOLUR.
   568 | D:1      | 568 ||| READING scroll labelled EXOBOS VEA.
   624 | D:2      | Reached XP level 3. HP: 20/23 MP: 3/3
  1353 | D:2      | 1353 ||| READING scroll labelled LANETE JOCIT.
  1354 | D:2      | 1354 ||| READING scroll labelled KASHES PAIM.
  1556 | D:3      | 1556 ||| Stepping ~*~*~tactically~*~*~ (hiding).
  1569 | D:3      | Reached XP level 4. HP: 21/28 MP: 4/4
  1694 | D:3      | Noticed qw's ghost (weakling GrFi)
  1743 | D:3      | Found a runed translucent gate.
  1743 | D:3      | Found a runed translucent gate.
  1743 | D:3      | Found a runed translucent gate.
  1934 | D:3      | 1934 ||| Stepping ~*~*~tactically~*~*~ (stealth).
  1973 | D:3      | Reached XP level 5. HP: 32/32 MP: 5/5
  1998 | D:3      | Noticed Natasha
  2005 | D:3      | Killed Natasha
  2107 | D:3      | 2107 ||| UPGRADING to +0 chain mail.
  2129 | D:3      | 2129 ||| DROPPING +0 scale mail.
  2130 | D:3      | 2130 ||| UPGRADING to +0 plate armour.
  2140 | D:3      | 2140 ||| DROPPING +0 chain mail.
  2143 | D:3      | 2143 ||| DROPPING +0 whip.
  2308 | D:3      | 2308 ||| READING scroll labelled XOW GOMUAWKOMM.
  2350 | D:4      | 2350 ||| Stepping ~*~*~tactically~*~*~ (stealth).
  2356 | D:4      | Noticed Robin
  2375 | D:4      | Killed Robin
  2483 | D:4      | 2483 ||| Stepping ~*~*~tactically~*~*~ (stealth).
  2485 | D:4      | 2485 ||| Stepping ~*~*~tactically~*~*~ (stealth).
  2487 | D:4      | 2487 ||| Stepping ~*~*~tactically~*~*~ (stealth).
  2489 | D:4      | 2489 ||| Stepping ~*~*~tactically~*~*~ (stealth).
  2491 | D:4      | 2491 ||| Stepping ~*~*~tactically~*~*~ (stealth).
  2493 | D:4      | 2493 ||| Stepping ~*~*~tactically~*~*~ (stealth).
  2495 | D:4      | 2495 ||| Stepping ~*~*~tactically~*~*~ (stealth).
  2497 | D:4      | 2497 ||| Stepping ~*~*~tactically~*~*~ (stealth).
  2499 | D:4      | 2499 ||| Stepping ~*~*~tactically~*~*~ (stealth).
  2501 | D:4      | 2501 ||| Stepping ~*~*~tactically~*~*~ (hiding).
  2502 | D:4      | 2502 ||| Stepping ~*~*~tactically~*~*~ (hiding).
  2503 | D:4      | 2503 ||| Stepping ~*~*~tactically~*~*~ (hiding).
  2534 | D:4      | Reached XP level 6. HP: 38/38 MP: 6/6
  2537 | D:4      | 2537 ||| DROPPING +0 mace.
  2855 | D:4      | Found a staircase to the Ecumenical Temple.
  2856 | D:4      | 2856 ||| PLANNING TEMPLE
  2943 | D:4      | Noticed a black bear
  2957 | D:4      | Killed a black bear
  3103 | D:4      | 3103 ||| UPGRADING to +0 helmet.
  3108 | D:4      | 3108 ||| UPGRADING to +0 tower shield.
  3118 | D:4      | 3118 ||| DROPPING +0 buckler.
  3119 | D:4      | 3119 ||| READING scroll labelled MUWKOE XU XAORPH.
  3120 | D:4      | 3120 ||| READING scroll labelled YXASYTWINAA.
  3121 | D:4      | 3121 ||| READING scroll labelled RUNEUM URGHOXT.
  3122 | D:4      | 3122 ||| DRINKING 2 blue potions.
  3230 | D:5      | Entered Level 5 of the Dungeon
  3243 | D:5      | 3243 ||| Stepping ~*~*~tactically~*~*~ (stealth).
  3245 | D:5      | 3245 ||| Stepping ~*~*~tactically~*~*~ (hiding).
  3328 | D:5      | 3328 ||| Stepping ~*~*~tactically~*~*~ (hiding).
  3422 | D:5      | 3422 ||| Stepping ~*~*~tactically~*~*~ (hiding).
  3439 | D:5      | Reached skill level 4 in Shields
  3439 | D:5      | Reached XP level 7. HP: 42/43 MP: 7/7
  3454 | D:5      | 3454 ||| Stepping ~*~*~tactically~*~*~ (hiding).
  3489 | D:5      | 3489 ||| Stepping ~*~*~tactically~*~*~ (stealth).
  3491 | D:5      | 3491 ||| Stepping ~*~*~tactically~*~*~ (hiding).
  3601 | D:5      | 3601 ||| FLEEEEING.
  3602 | D:5      | 3602 ||| FLEEEEING.
  3603 | D:5      | 3603 ||| FLEEEEING.
  3607 | D:5      | 3607 ||| STAIRDANCE
  3609 | D:4      | 3609 ||| READING scroll labelled IFEROY VONATOD.
  3615 | Temple   | Entered the Ecumenical Temple
  3756 | Temple   | 3756 ||| PLANNING D:1-11
  3807 | D:5      | Found a bloodstained altar of Trog.
  3868 | D:5      | Reached skill level 5 in Shields
  3931 | D:5      | 3931 ||| Stepping ~*~*~tactically~*~*~ (stealth).
  3932 | D:5      | 3932 ||| Stepping ~*~*~tactically~*~*~ (stealth).
  3935 | D:5      | Found a broken altar of Ashenzari.
  3965 | D:5      | HP: 7/43 [orc wizard/puff of flame (10)]
  3966 | D:5      | 3966 ||| READING scroll of teleportation.
  4167 | D:5      | Noticed Grinder
  4178 | D:5      | Killed Grinder
  4179 | D:5      | Reached skill level 6 in Shields
  4179 | D:5      | Reached XP level 8. HP: 44/48 MP: 8/8
  4296 | D:5      | Reached skill level 7 in Shields
  4327 | D:5      | Found a shimmering altar of Xom.
  4328 | D:5      | Found a burning altar of Makhleb.
  4587 | D:5      | 4587 ||| UPGRADING to +1 pair of gloves.
  4592 | D:5      | 4592 ||| UPGRADING to +0 cloak.
  4597 | D:5      | 4597 ||| UPGRADING to +4 ring of protection.
  4660 | D:5      | Reached skill level 8 in Shields
  4663 | D:5      | 4663 ||| READING scroll of enchant armour.
  4663 | D:5      | 4663 ||| ENCHANTING +1 pair of gloves.
  4977 | D:5      | 4977 ||| Stepping randomly (stuck).
  5091 | D:6      | Found a shimmering blue altar of Sif Muna.
  5268 | D:6      | 5268 ||| Stepping ~*~*~tactically~*~*~ (stealth).
  5345 | D:6      | Found a blossoming altar of Fedhas.
  5345 | D:6      | Found an iron altar of Okawaru.
  5346 | D:6      | 5346 ||| PLANNING OKAWARU WORSHIP
  5346 | D:6      | 5346 ||| READING 2 scrolls of identify.
  5346 | D:6      | 5346 ||| IDENTIFYING coppery potion
  5347 | D:6      | 5347 ||| DROPPING potion of ambrosia.
  5351 | D:6      | Became a worshipper of Warmaster Okawaru
  5352 | D:6      | 5352 ||| PLANNING D:1-11
  5791 | D:6      | 5791 ||| READING scroll labelled DIAXA NURHIMU.
  5855 | D:7      | Noticed a yak
  5857 | D:7      | Noticed a yak
  5858 | D:7      | Noticed a yak
  5876 | D:7      | Killed a yak
  5877 | D:7      | Reached skill level 9 in Shields
  5879 | D:7      | Killed a yak
  5880 | D:7      | Reached skill level 6 in Axes
  5880 | D:7      | Reached XP level 9. HP: 52/52 MP: 9/9
  5940 | D:7      | Noticed a kobold demonologist
  5954 | D:7      | Noticed a hellwing
  5965 | D:7      | Killed a kobold demonologist
  5965 | D:7      | Reached * piety under Okawaru
  5966 | D:7      | Reached skill level 10 in Shields
  5966 | D:7      | 5966 ||| INVOKING Heroism.
  6024 | D:7      | Noticed Menkaure
  6026 | D:7      | 6026 ||| Stepping ~*~*~tactically~*~*~ (hiding).
  6031 | D:7      | 6031 ||| INVOKING Heroism.
  6034 | D:7      | Killed Menkaure
  6035 | D:7      | Reached skill level 1 in Invocations
  6045 | D:7      | 6045 ||| Stepping ~*~*~tactically~*~*~ (stealth).
  6052 | D:7      | 6052 ||| Stepping ~*~*~tactically~*~*~ (stealth).
  6095 | D:7      | 6095 ||| INVOKING Heroism.
  6313 | D:7      | Noticed Duvessa
  6314 | D:7      | 6314 ||| INVOKING Heroism.
  6316 | D:7      | Noticed Dowan
  6320 | D:7      | Killed Duvessa
  6321 | D:7      | Reached skill level 3 in Invocations
  6322 | D:7      | Reached skill level 1 in Dodging
  6328 | D:7      | 6328 ||| INVOKING Heroism.
  6349 | D:7      | 6349 ||| INVOKING Heroism.
  6365 | D:7      | Killed Dowan
  6575 | D:7      | 6575 ||| INVOKING Heroism.
  6779 | D:7      | 6779 ||| Stepping ~*~*~tactically~*~*~ (hiding).
  6783 | D:7      | 6783 ||| INVOKING Heroism.
  6931 | D:7      | 6931 ||| DRINKING 2 yellow potions.
  6932 | D:7      | 6932 ||| DRINKING 2 murky blue potions.
  6944 | D:8      | 6944 ||| INVOKING Heroism.
  7033 | D:8      | 7033 ||| READING scroll of enchant weapon.
  7033 | D:8      | 7033 ||| ENCHANTING +1 war axe.
  7064 | D:8      | 7064 ||| Stepping ~*~*~tactically~*~*~ (hiding).
  7066 | D:8      | 7066 ||| INVOKING Heroism.
  7076 | D:8      | 7076 ||| INVOKING Heroism.
  7078 | D:8      | Reached XP level 10. HP: 38/59 MP: 9/13
  7079 | D:8      | 7079 ||| Stepping ~*~*~tactically~*~*~ (cloud).
  7160 | D:8      | 7160 ||| DROPPING +0 flail.
  7184 | D:8      | Found a sacrificial altar of Ru.
  7276 | D:8      | 7276 ||| INVOKING Heroism.
  7288 | D:8      | Reached skill level 11 in Shields
  7408 | D:8      | 7408 ||| Stepping ~*~*~tactically~*~*~ (hiding).
  7632 | D:8      | 7632 ||| READING scroll labelled HERPHA TAESKU.
  7660 | D:8      | 7660 ||| READING scroll labelled YSITYU CIWOARA.
  7661 | D:8      | 7661 ||| READING 2 scrolls of identify.
  7661 | D:8      | 7661 ||| IDENTIFYING brown potion
  7662 | D:8      | 7662 ||| DROPPING potion of brilliance.
  7712 | D:9      | Reached skill level 6 in Fighting
  7753 | D:9      | 7753 ||| Stepping ~*~*~tactically~*~*~ (hiding).
  7761 | D:9      | 7761 ||| Stepping ~*~*~tactically~*~*~ (stealth).
  7892 | D:9      | 7892 ||| Stepping ~*~*~tactically~*~*~ (stealth).
  7894 | D:9      | 7894 ||| Stepping ~*~*~tactically~*~*~ (hiding).
  7904 | D:9      | Reached ** piety under Okawaru
  7971 | D:9      | 7971 ||| Stepping ~*~*~tactically~*~*~ (stealth).
  8094 | D:9      | 8094 ||| INVOKING Heroism.
  8100 | D:9      | Reached skill level 9 in Axes
  8272 | D:9      | 8272 ||| Stepping ~*~*~tactically~*~*~ (hiding).
  8275 | D:9      | 8275 ||| INVOKING Heroism.
  8281 | D:9      | 8281 ||| Stepping ~*~*~tactically~*~*~ (hiding).
  8306 | D:9      | Reached skill level 6 in Armour
  8312 | D:9      | 8312 ||| DROPPING +0 flail of protection.
  8329 | D:9      | Found a staircase to the Lair.
  8353 | D:9      | 8353 ||| Stepping ~*~*~tactically~*~*~ (hiding).
  8354 | D:9      | 8354 ||| INVOKING Heroism.
  8368 | D:9      | HP: 6/60 [komodo dragon (34)]
  8369 | D:9      | 8369 ||| DRINKING 3 potions of heal wounds.
  8377 | D:9      | 8377 ||| INVOKING Heroism.
  8599 | D:9      | Found Zoewuogg's Armour Emporium.
  8603 | D:9      | 8603 ||| BUYING +0 chain mail of cold resistance (149
                  | gold).
  8603 | D:9      | Bought a +0 chain mail of cold resistance for 149 gold
                  | pieces
  8714 | D:9      | 8714 ||| INVOKING Heroism.
  8728 | D:9      | Reached XP level 11. HP: 64/64 MP: 12/14
  8753 | D:9      | 8753 ||| READING scroll of enchant armour.
  8753 | D:9      | 8753 ||| ENCHANTING +0 helmet.
  8754 | D:9      | 8754 ||| DROPPING +1 helmet.
  8755 | D:9      | 8755 ||| PLANNING LAIR
  8755 | D:9      | 8755 ||| READING scroll labelled NOKONI MAUKYC.
  8756 | D:9      | 8756 ||| DRINKING 3 silvery potions.
  8757 | D:9      | 8757 ||| READING 2 scrolls of identify.
  8757 | D:9      | 8757 ||| IDENTIFYING orange potion
  8783 | Lair:1   | Entered Level 1 of the Lair of Beasts
  8803 | Lair:1   | Reached skill level 12 in Shields
  8891 | Lair:1   | 8891 ||| INVOKING Heroism.
  8984 | Lair:1   | Noticed a death yak
  8984 | Lair:1   | Noticed a death yak
  8984 | Lair:1   | Noticed a death yak
  8985 | Lair:1   | 8985 ||| Stepping ~*~*~tactically~*~*~ (stealth).
  8987 | Lair:1   | 8987 ||| INVOKING Heroism.
  8998 | Lair:1   | Killed a death yak
  8998 | Lair:1   | Reached *** piety under Okawaru
  9006 | Lair:1   | Killed a death yak
  9008 | Lair:1   | 9008 ||| INVOKING Heroism.
  9015 | Lair:1   | HP: 7/67 [death yak (10)]
  9016 | Lair:1   | 9016 ||| DRINKING 2 potions of heal wounds.
  9017 | Lair:1   | Mangled by a death yak

Levels and vault maps discovered:
D:1:      erik_arrival_triangle_small, layout_rooms,
          ebering_ecumenical_altar_sacrificial
D:2:      layout_basic
D:3:      layout_basic, gammafunk_ghost_icy, serial_glass, glass_columns_c,
          glass_columns_c, glass_columns_b, glass_columns_a, glass_columns_a,
          uniq_natasha
D:4:      minmay_bubble_buster, layout_rooms, minmay_temple_entry_from_below_a,
          minmay_three_crescents, uniq_robin
D:5:      layout_loops_cross, grunt_temple_overflow_champion_of_chaos,
          mainiacjoe_overflow_tiny_flanked, lemuel_tele_altar, minmay_puff,
          uniq_grinder
D:6:      layout_loops_ring, led_sif_book, gammafunk_temple_overflow_wave
D:7:      layout_basic, minmay_misc_feat_plants, amcnicky_mini_pool_small,
          corexii_item_surrounded_by_moat, uniq_duvessa, uniq_menkaure
D:8:      layout_rooms, lemuel_round_altar
D:9:      layout_basic, david_lair_shrubbed, serial_shops,
          nicolae_shop_back_alley_shop
Temple:   hellmonk_temple_forest_ring
Lair:1:   minmay_lair_oklob_chamber, layout_loops_ring

Skill      XL: |  1  2  3  4  5  6  7  8  9 10 11 |
---------------+----------------------------------+-----
Axes           | 2 3 4 5 6 7 9 |  9.5
Fighting       | 4 5 6 7 |  7.4
Shields        | 4 6 9 10 11 12 | 12.0
Throwing       | 2 |  2.0
Armour         | 5 6 |  6.0
Invocations    | 4 |  4.0
Dodging        | 1 |  1.0

Action                     |  1- 3 |  4- 6 |  7- 9 | 10-12 || total
---------------------------+-------+-------+-------+-------++-------
  Melee: War axe           |   110 |   180 |   302 |   205 ||   797
         Unarmed           |       |       |    20 |       ||    20
  Throw: Javelin           |       |       |    27 |    29 ||    56
         Boomerang         |       |       |     1 |     2 ||     3
 Invoke: Heroism           |       |       |    11 |     9 ||    20
    Use: Scroll            |     4 |     4 |     6 |     6 ||    20
         Potion            |       |     1 |     2 |     3 ||     6
   Stab: Paralysed         |       |       |       |     4 ||     4
         Petrifying        |       |       |       |     1 ||     1
 Armour: Scale mail        |    42 |    13 |       |       ||    55
         Plate armour      |       |    88 |   228 |    88 ||   404
         Skin              |       |     1 |     1 |       ||     2
  Dodge: Dodged            |    62 |    55 |    92 |    26 ||   235
  Block: Buckler           |    28 |    26 |       |       ||    54
         Tower shield      |       |    22 |   266 |   163 ||   451

Table legend:
 A = Non-vault XP
 B = Vault XP
 C = Vault XP percentage of total XP
 D = Non-vault monster count
 E = Vault monster count
 F = Vault count percentage of total count
                 A         B        C        D         E       F
            +---------+---------+-------+---------+---------+-------
      Total |   10138 |    1661 |  14.1 |     195 |      43 |  18.1
            +---------+---------+-------+---------+---------+-------
        D:1 |      33 |       0 |   0.0 |      19 |       0 |   0.0
        D:2 |      40 |       0 |   0.0 |      10 |       0 |   0.0
        D:3 |     116 |      35 |  23.2 |      19 |       1 |   5.0
        D:4 |      27 |     279 |  91.2 |      10 |      33 |  76.7
        D:5 |     488 |     595 |  54.9 |      21 |       5 |  19.2
        D:6 |     335 |       0 |   0.0 |       9 |       0 |   0.0
        D:7 |    1863 |     380 |  16.9 |      27 |       3 |  10.0
        D:8 |    2127 |       0 |   0.0 |      31 |       0 |   0.0
        D:9 |    2612 |     372 |  12.5 |      44 |       1 |   2.2
     Lair:1 |    2497 |       0 |   0.0 |       5 |       0 |   0.0
            +---------+---------+-------+---------+---------+-------
